 Dungeon Crawl Stone Soup version 0.27-a0-597-g524d869a0f (webtiles) character file.

Game seed: 11620562722166179180

1258 jasper the Firebug (level 8, -4/36 HPs)
             Began as a Spriggan Fire Elementalist on Mar 11, 2021.
             Was a Priest of Vehumet.
             Slain by a mummy (13 damage)
             ... in an ossuary.
             The game lasted 00:15:04 (6848 turns).

jasper the Firebug (Spriggan Fire Elementalist)     Turns: 6848, Time: 00:15:05

Health: -4/36      AC:  3    Str:  4    XL:     8   Next: 27%
Magic:  8/14       EV: 17    Int: 18    God:    Vehumet [***...]
Gold:   337        SH:  0    Dex: 16    Spells: 1/14 levels left

rFire    . . .     SeeInvis +   o - +4 flail
rCold    . . .     Faith    .   (shield restricted)
rNeg     + . .     Spirit   .   p - +1 robe {rN+}
rPois    .         Reflect  .   (helmet restricted)
rElec    .         Harm     .   (no cloak)
rCorr    .         Rampage  .   (gloves unavailable)
Will     +....                  (boots unavailable)
Stlth    ++........             (no amulet)
HPRegen  0.12/turn              b - ring of wizardry
MPRegen  0.14/turn              (no ring)

@: very quick
A: very small, unfitting armour, see invisible, speed 3
a: Renounce Religion


You were in an ossuary.
You worshipped Vehumet.
Vehumet was most pleased with you.
You visited 2 branches of the dungeon, and saw 7 of its levels.
You also visited: Ossuary.

You collected 337 gold pieces.

Inventory:

Hand Weapons
 n - a +0 rapier
 o - a +4 flail (weapon)
Missiles
 e - 2 throwing nets
 u - 2 boomerangs of dispersal
Armour
 a - a +0 robe
 p - a +1 robe of positive energy (worn)
Jewellery
 b - a ring of wizardry (right hand)
Wands
 t - a wand of iceblast (4)
Scrolls
 c - 2 scrolls of noise {unknown}
 d - 3 scrolls of blinking
 f - 2 scrolls of fog {unknown}
 h - a scroll of immolation {unknown}
 i - a scroll of amnesia {unknown}
 q - 2 scrolls of teleportation {unknown}
 r - a scroll of enchant armour
 w - a scroll of vulnerability {unknown}
Potions
 g - 2 potions of invisibility {unknown}
 j - 2 potions of mutation {unknown}
 k - 2 potions of curing {unknown}
 l - a potion of flight {unknown}
 m - a potion of attraction {unknown}
 s - a potion of brilliance {unknown}
 v - a potion of haste


   Skills:
 - Level 2.6 Dodging
 - Level 3.0 Stealth
 + Level 3.6 Spellcasting
 + Level 5.1 Conjurations
 - Level 2.0 Translocations
 - Level 6.0 Fire Magic
 * Level 1.4 Earth Magic


You had one spell level left.
You knew the following spells:

 Your Spells              Type           Power      Damage    Failure   Level
a - Foxfire               Conj/Fire      92%        2x1d8     1%          1
b - Sticky Flame          Conj/Fire      23%        2d4       1%          4
c - Blink                 Tloc           N/A        N/A       4%          2
d - Mephitic Cloud        Conj/Pois/Air  9%         N/A       2%          3
e - Stone Arrow           Conj/Erth      30%        3d8       1%          3

Your spell library contained the following spells:

 Spells                   Type           Power      Damage    Failure   Level
 Magic Dart               Conj           84%        1d7       1%          1
 Conjure Flame            Conj/Fire      23%        6-21      1%          3
 Inner Flame              Hex/Fire       14%        N/A       1%          3
 Fireball                 Conj/Fire      11%        3d7       5%          5
 Gell's Gravitas          Tloc           5%         N/A       9%          3
 Call Imp                 Summ           3%         N/A       10%         2
 Slow                     Hex            3%         N/A       10%         2
 Confusing Touch          Hex            3%         N/A       19%         3
 Yara's Violent Unravell  Hex/Tmut       1%         3d3       38%         5
 Petrify                  Tmut/Erth      5%         N/A       41%         4
 Metabolic Englaciation   Hex/Ice        1%         N/A       83%         5


Dungeon Overview and Level Annotations

Branches:
Dungeon (6/15)             Temple (1/1) D:4         Ossuary (1/1)

Altars:
Ashenzari
Dithmenos
Elyvilon
Fedhas
Gozag
Hepliaklqana
Kikubaaqudgha
Makhleb
Okawaru
Qazlal
Ru
Sif Muna
Trog
Uskayaw
Vehumet
Wu Jian
Xom
Yredelemnul
Zin
The Shining One

Shops:
D:5 :

Annotations:
D:6 1 runed translucent door, BabaBalenciYaga's ghost, novice HOFi


Innate Abilities, Weirdness & Mutations

You are very small and have problems with some larger weapons.
You are too small for most types of armour.
You have supernaturally acute eyesight. (SInv)
You cover ground extremely quickly. (Speed+++)


Message History

The mummy is moderately damaged.
Casting: Foxfire (safe; 1% risk of failure)
Press: ? - help, Q - select action, (/) - cycle Dir - look around, f - activate You conjure some foxfire!
You now have 10/14 mp.
You hit the mummy.
The mummy is heavily damaged.
The foxfire hits the mummy but does no damage.
The mummy is heavily damaged.
The foxfire hits the mummy but does no damage.
The mummy is heavily damaged.
A mummy comes into view.
The mummy barely misses you.
Casting: Foxfire (safe; 1% risk of failure)
Press: ? - help, Q - select action, (/) - cycle Dir - look around, f - activate You conjure some foxfire!
You now have 9/14 mp.
You hit the mummy.
The mummy is severely damaged.
The foxfire hits the mummy but does no damage.
The mummy is severely damaged.
The foxfire hits the mummy.
The mummy is burned terribly!
The mummy is almost destroyed.
A mummy comes into view.
Casting: Foxfire (safe; 1% risk of failure)
Press: ? - help, Q - select action, (/) - cycle Dir - look around, f - activate You conjure some foxfire!
The mummy misses you.
You now have 9/14 mp.
You barely miss the mummy.
The mummy is almost destroyed.
The foxfire hits the mummy.
The mummy is burned terribly!
You destroy the mummy!
Vehumet accepts your kill.
Vehumet is now aiding your destructive spells.
Casting: Foxfire (safe; 1% risk of failure)
Press: ? - help, Q - select action, (/) - cycle Dir - look around, f - activate You conjure some foxfire!
The mummy hits you!
You die...

##..^^## ##..##..##
##..####.^##
##..######..##
##..##....##..##
##..##..##..##..##
##..##..####..##..##
##..##..######.^##..##
##..##..##..M@##..##..##
##..##..##..##Mv##..##..##
##..##..##^ยง
##..##..##..##
##..##..##..
##..##..##..## #..##..##^^
##..##..##..## ..##..##..
##..##^.##..## .##..## .
##..##.^##..## ##..##
##..##..##..# #..##
##..##..##..


You could see 2 mummies.

Vanquished Creatures
  Menkaure (Ossuary)
  3 ogres
  A sky beast (D:5)
  An orc warrior (D:6)
  2 howler monkeys
  2 orc priests (D:6)
  An iguana (D:5)
  2 orc wizards
  4 worker ants
  A hound skeleton (D:5)
  A mummy (Ossuary)
  9 gnolls
  A howler monkey skeleton (D:6)
  10 adders
  3 white imps
  2 oozes
  6 worms
  2 dart slugs
  3 leopard geckos
  12 orcs
  A ball python (D:3)
  4 bats
  4 giant cockroaches
  4 gnoll zombies (Ossuary)
  7 hobgoblins
  4 quokkas
  6 frilled lizards
  A giant cockroach zombie (D:5)
  3 gnoll skeletons (Ossuary)
  6 goblins
  5 goblin skeletons (Ossuary)
  4 goblin zombies (Ossuary)
  2 hobgoblin skeletons (Ossuary)
  4 hobgoblin zombies (Ossuary)
  3 kobolds (D:2)
  7 kobold skeletons (Ossuary)
  4 kobold zombies (Ossuary)
  3 orc skeletons (Ossuary)
  3 orc zombies (Ossuary)
  12 rats
  4 rat skeletons (Ossuary)
  4 rat zombies (Ossuary)
162 creatures vanquished.

Vanquished Creatures (others)
  A human (D:4)
  A gnoll (D:3)
  A kobold zombie (Ossuary)
  576 foxfires
579 creatures vanquished.

Grand Total: 741 creatures vanquished

Notes
Turn   | Place    | Note
-------+----------+-------------------------------------------
     0 | D:1      | jasper the Spriggan Fire Elementalist began the quest for
                  | the Orb.
     0 | D:1      | Reached XP level 1. HP: 9/9 MP: 5/5
   143 | D:1      | Reached skill level 1 in Conjurations
   235 | D:1      | Reached XP level 2. HP: 13/13 MP: 4/6
   642 | D:2      | Reached skill level 3 in Fire Magic
   642 | D:2      | Reached XP level 3. HP: 4/16 MP: 0/8
  1139 | D:2      | Found a sacrificial altar of Ru.
  1164 | D:2      | Reached XP level 4. HP: 21/21 MP: 5/9
  1169 | D:2      | Learned a level 4 spell: Sticky Flame
  1297 | D:2      | Found a white marble altar of Elyvilon.
  2039 | D:3      | Reached XP level 5. HP: 24/24 MP: 6/10
  3486 | D:4      | Found a staircase to the Ecumenical Temple.
  3504 | D:4      | Reached skill level 4 in Fire Magic
  3626 | Temple   | Entered the Ecumenical Temple
  3758 | Temple   | Became a worshipper of Vehumet
  3788 | D:4      | Learned a level 2 spell: Blink
  3802 | D:4      | Found an ancient bone altar of Kikubaaqudgha.
  3809 | D:4      | Noticed a human
  3811 | D:4      | Killed a human
  3910 | D:5      | Entered Level 5 of the Dungeon
  4240 | D:5      | Reached XP level 6. HP: 22/28 MP: 7/11
  4245 | D:5      | Reached skill level 1 in Translocations
  4688 | D:5      | Found Mojus's Book Shop.
  4763 | D:5      | Reached XP level 7. HP: 32/32 MP: 6/12
  5022 | D:5      | Reached skill level 5 in Fire Magic
  5032 | D:5      | Learned a level 3 spell: Mephitic Cloud
  5275 | D:5      | Reached * piety under Vehumet
  5275 | D:5      | Offered knowledge of Freeze by Vehumet.
  5386 | D:6      | Found an ornate altar of the Wu Jian Council.
  5639 | D:6      | Reached XP level 8. HP: 29/36 MP: 0/13
  5858 | D:6      | Reached skill level 6 in Fire Magic
  5905 | D:6      | Found a sand-covered staircase.
  5956 | D:6      | Found a runed translucent door.
  5956 | D:6      | Noticed BabaBalenciYaga's ghost (novice HOFi)
  5989 | Ossuary  | Entered an ossuary
  6055 | Ossuary  | Reached skill level 5 in Conjurations
  6139 | Ossuary  | Reached ** piety under Vehumet
  6151 | Ossuary  | Offered knowledge of Shock by Vehumet.
  6637 | Ossuary  | Offered knowledge of Stone Arrow by Vehumet.
  6703 | Ossuary  | Learned a level 3 spell: Stone Arrow
  6824 | Ossuary  | Noticed Menkaure
  6832 | Ossuary  | Killed Menkaure
  6833 | Ossuary  | Reached skill level 1 in Earth Magic
  6847 | Ossuary  | Reached *** piety under Vehumet
  6848 | Ossuary  | Slain by a mummy

Illustrated notes

Levels and vault maps discovered:
D:1:      nzn_arrival_crosshair, layout_rooms
D:2:      layout_loops_cross, overflow_temple_1_default,
          nicolae_overflow_crystal_walls
D:3:      layout_loops_corners
D:4:      layout_loops_cross, minmay_temple_entry_offerings, tgw_kikubaaqudgha
D:5:      layout_gridville, serial_shops, kennysheep_little_box
D:6:      layout_loops_ring, nicolae_wu_jian_wuxing_cycle,
          nemelex_xobeh_ov_fountains_minmay, hellmonk_ghost_happy_afterlife,
          portal_sewer_entry_d, enter_ossuary_2, minmay_three_doors,
          uniq_crazy_yiuf_cottage
Temple:   regret_index_temple_sphere_string
Ossuary:  ossuary_due_pyramid

Skill      XL: |  1  2  3  4  5  6  7  8 |
---------------+-------------------------+-----
Conjurations   | 1 2 3 4 5 |  5.1
Fire Magic     | 3 4 5 6 |  6.0
Translocations | 2 |  2.0
Spellcasting   | 3 |  3.6
Earth Magic    | 1 |  1.4
Dodging        | |  2.6
Stealth        | |  3.0

Action                   |  1- 3 |  4- 6 |  7- 9 || total
-------------------------+-------+-------+-------++-------
Melee: Unarmed           |       |     5 |       ||     5
       Flail             |       |       |    23 ||    23
 Cast: Foxfire           |    53 |   138 |   159 ||   350
Evoke: Wand              |       |       |     3 ||     3
  Use: Scroll            |     1 |     1 |     1 ||     3
       Potion            |       |     1 |       ||     1
Armor: Robe              |     2 |     4 |     2 ||     8
Dodge: Dodged            |    21 |    41 |    27 ||    89

Table legend: (Time is in decaauts)
 A = Elapsed time spent in this place.
 B = Non-inter-level travel time spent in this place.
 C = Inter-level travel time spent in this place.
 D = Time resting spent in this place.
 E = Time spent auto-exploring this place.
 F = Levels seen in this place.
 G = Mean time per level.
                   A        B        C        D        E       F      G
               +--------+--------+--------+--------+--------+-----+--------+
         Total |   5399 |   5305 |     94 |    387 |   3802 |   8 |  674.9 |
       Dungeon |   4542 |   4462 |     80 |    285 |   3304 |   6 |  757.0 |
        Temple |     95 |     81 |     14 |      0 |     76 |   1 |   95.0 |
       Ossuary |    761 |    761 |      0 |    102 |    422 |   1 |  761.0 |
               +--------+--------+--------+--------+--------+-----+--------+

Top non-repeatable levels by time:
     D:5: 1226 daAuts
     D:2: 883 daAuts
     D:3: 832 daAuts
 Ossuary: 761 daAuts
     D:4: 614 daAuts
     D:6: 516 daAuts
     D:1: 468 daAuts
  Temple: 95 daAuts
